 Dungeon Crawl Stone Soup version 0.29-a0-925-g0a7a3d12f8 (webtiles) character file.

Game seed: 11717141703804453190

13 gelatine the Ducker (level 2, -1/22 HPs)
             Began as a Demonspawn Gladiator on July 28, 2022.
             Slain by a gnoll
             ... wielding a +0 spear
              (6 damage)
             ... on level 2 of the Dungeon.
             The game lasted 00:00:42 (392 turns).

gelatine the Ducker (Demonspawn Gladiator)           Turns: 392, Time: 00:00:43

Health: -1/22      AC:  4    Str: 20    XL:     2   Next: 24%
Magic:  2/2        EV: 12    Int:  9    God:
Gold:   5          SH:  7    Dex: 14    Spells: 1/1 levels left

rFire   . . .      SeeInvis .   a - +0 war axe
rCold   . . .      Faith    .   g - +0 buckler
rNeg    . . .      Spirit   .   b - +0 leather armour
rPois   .          Reflect  .   c - +0 helmet
rElec   .          Harm     .   (no cloak)
rCorr   .          Rampage  .   (no gloves)
Will    .....                   (no boots)
Stlth   +.........              (no amulet)
HPRegen 0.07/turn               h - +6 ring of strength
MPRegen 0.08/turn               (no ring)

@: no status effects
A: condensation shield
a: no special abilities


You were on level 2 of the Dungeon.
You visited 1 branch of the dungeon, and saw 2 of its levels.

You collected 5 gold pieces.

Inventory:

Hand Weapons
 a - a +0 war axe (weapon)
Missiles
 d - 3 throwing nets (quivered)
 e - a javelin
Armour
 b - a +0 leather armour (worn)
 c - a +0 helmet (worn)
 g - a +0 buckler (worn)
Jewellery
 h - a +6 ring of strength (left hand)
Potions
 f - 2 potions of mutation {unknown}


   Skills:
 + Level 2.0 Fighting
 + Level 2.9 Axes
 + Level 1.8 Throwing
 + Level 0.1 Armour
 + Level 3.0 Dodging


You had one spell level left.
You didn't know any spells.
Your spell library was empty.

Dungeon Overview and Level Annotations

Branches:
Dungeon (1/15)

Altars:


Innate Abilities, Weirdness & Mutations

A meltable shield of frost defends you. (SH +4)


Message History

f - 2 murky ruby potions (gained 1)
You see here 6 stones.
A kobold comes into view. It is wielding a +0 dagger.
The helpless kobold fails to defend itself.
You hit the kobold but do no damage. The kobold misses you.
The kobold closely misses you.
You closely miss the kobold. You block the kobold's attack.
A kobold is nearby!
You hit the kobold.
You kill the kobold!
You see here a +0 dagger.
Found a faded altar of an unknown god.
Found a stone staircase leading up.
A gnoll comes into view. It is wielding a +0 club.
The gnoll shouts!
A gnoll comes into view. It is wielding a +0 spear.
You closely miss the gnoll. The gnoll hits you with a +0 club.
The gnoll hits you from afar with a +0 spear.
A gnoll comes into view. It is wielding a +0 spear.
The gnoll shouts!
You slash the gnoll!
The gnoll is heavily wounded.
You hear a shout!
The gnoll hits you with a +0 club. The gnoll completely misses you.
A gnoll comes into view. It is wielding a +0 halberd.
You slash the gnoll!
You kill the gnoll!
You block the gnoll's attack. The gnoll barely misses you.
Your Dodging skill increases to level 3!
You have reached level 2!
Your demonic ancestry asserts itself...
Frost condenses into a shield before you.
You block the gnoll's attack. The gnoll misses you.
You see here a +0 club.
You slash the gnoll!
The gnoll is severely wounded.
The gnoll hits you from afar with a +0 halberd.
* * * LOW HITPOINT WARNING * * *
The gnoll hits you with a +0 spear.
You die...

.#####
.# .#
.# .#
.#
#######
.#
#.....#
#.###.#
#.# #@#
### #.#
#g# #<#
#.#


#gg #.# #.#######.### #...........# #####.#.#.#.# #.#.#.#.# #.#.#.#.# #.#.#.#.#
You could see 3 gnolls.

Vanquished Creatures
  A gnoll (D:2)
  A ball python (D:1)
  A kobold (D:2)
  2 rats
5 creatures vanquished.

Notes
Turn   | Place    | Note
-------+----------+-------------------------------------------
     0 | D:1      | gelatine the Demonspawn Gladiator began the quest for the
                  | Orb.
     0 | D:1      | Reached XP level 1. HP: 16/16 MP: 1/1
   202 | D:1      | You fall into a shaft and drop 1 floor!
   353 | D:2      | Found a faded altar of an unknown god.
   391 | D:2      | Reached skill level 3 in Dodging
   391 | D:2      | Gained mutation: A meltable shield of frost defends you.
                  | (SH +4) [demonic ancestry]
   391 | D:2      | Reached XP level 2. HP: 10/22 MP: 2/2
   392 | D:2      | Slain by a gnoll

Illustrated notes

Levels and vault maps discovered:
D:1:      beargit_arrival_diablo_church, layout_loops_corners,
          amethyst_killhole, chequers_serial_rivers_small_a, minmay_tripent
D:2:      layout_basic, hellmonk_ecumenical_altar_leap_of_faith, uniq_terence,
          uniq_sigmund

Skill      XL: |  1 |
---------------+----+-----
Dodging        | 3 |  3.0
Fighting       | |  2.0
Axes           | |  2.9
Throwing       | |  1.8
Armour         | |  0.1

Action                   || total
-------------------------++-------
Melee: War axe           ||    13
 Stab: Sleeping          ||     1
Dodge: Dodged            ||    14
Block: Buckler           ||     3

Table legend: (Time is in decaauts)
 A = Elapsed time spent in this place.
 B = Non-inter-level travel time spent in this place.
 C = Inter-level travel time spent in this place.
 D = Time resting spent in this place.
 E = Time spent auto-exploring this place.
 F = Levels seen in this place.
 G = Mean time per level.
                   A        B        C        D        E       F      G
               +--------+--------+--------+--------+--------+-----+--------+
         Total |    396 |    396 |      0 |      0 |    332 |   2 |  198.0 |
       Dungeon |    396 |    396 |      0 |      0 |    332 |   2 |  198.0 |
               +--------+--------+--------+--------+--------+-----+--------+

Top non-repeatable levels by time:
     D:1: 203 daAuts
     D:2: 192 daAuts
